[Event "Team 45 45 League T44"]
[Site "Internet Chess Club"]
[Date "2010.02.09"]
[Round "1"]
[White "smitty120"]
[Black "Karpyan"]
[Result "1/2-1/2"]
[WhiteElo "1928"]
[BlackElo "1834"]
[Opening "French: Burn variation"]
[ECO "C11"]
[Time "18:06:14"]
[TimeControl "2700+45"]

1. e4 e6 2. d4 d5 3. Nc3 Nf6 4. Bg5 dxe4 5. Nxe4 Be7 6. Bxf6 Bxf6 7. Nf3 Nd7 8.
Bd3 b6 9. Nxf6+ Nxf6 10. c3 O-O 11. O-O Bb7 12. Re1 Qe7 13. a4 c5 14. a5 Qc7 15.
axb6 axb6 16. Ne5 Rxa1 17. Qxa1 cxd4 18. cxd4 Qd6 19. Qa7 Qb4 20. Rf1 Bd5 21.
Qa3 Qxd4 22. Qc3 Qxc3 23. bxc3 Ne4 24. c4 Bb7 25. Bxe4 Bxe4 26. Nd7 Bd3 27. Rd1
Be2 28. Nxf8 Bxd1 29. Nd7 Ba4 30. Nxb6 Bc6 31. f3 Kf8 32. Kf2 Ke7 33. Ke3 Kd6
34. Kd4 e5+ 35. Kc3 Kc5 36. Nc8 {Game drawn by mutual agreement} 1/2-1/2

[Event "Team 45 45 League T44"]
[Site "Internet Chess Club"]
[Date "2010.02.06"]
[Round "1"]
[White "SneakyRed"]
[Black "parrot9"]
[Result "0-1"]
[WhiteElo "1831"]
[BlackElo "1761"]
[Opening "Sicilian: Alapin's variation (2.c3)"]
[ECO "B22"]
[Time "10:00:27"]
[TimeControl "2700+45"]

1. e4 c5 2. c3 Nf6 3. e5 Nd5 4. Nf3 e6 5. Bc4 Nc6 6. d4 cxd4 7. cxd4 Bb4+ 8.
Nbd2 O-O 9. O-O f6 10. Bxd5 exd5 11. Qb3 Qa5 12. Ne4 fxe5 13. dxe5 Kh8 14. Nc3
Rxf3 15. gxf3 Bxc3 16. bxc3 Nxe5 17. Kg2 d6 18. Be3 Bd7 19. Qxb7 Bc6 20. Qe7 d4
21. Bxd4 Qd5 22. Rfd1 Qxf3+ 23. Kf1 Qg2+ 24. Ke2 Re8 25. Qxe8+ Bxe8 26. Bxe5
Bh5+ 27. Ke1 Bxd1 28. Rxd1 Qe4+ 29. Kf1 Qxe5 30. Re1 Qb5+ 31. Kg1 Kg8 32. Re4
Qb1+ {White resigns} 0-1

[Event "Team 45 45 League T44"]
[Site "Internet Chess Club"]
[Date "2010.02.04"]
[Round "1"]
[White "LukeOZade"]
[Black "Duguesclin"]
[Result "1-0"]
[WhiteElo "1794"]
[BlackElo "1651"]
[Opening "Sicilian: accelerated fianchetto, modern variation with Bc4"]
[ECO "B35"]
[Time "13:00:13"]
[TimeControl "2700+45"]

1. e4 c5 2. Nf3 Nc6 3. d4 cxd4 4. Nxd4 Nf6 5. Nc3 g6 6. Bc4 Bg7 7. Be3 O-O 8. f3
a6 9. Qd2 d6 10. O-O-O Na5 11. Bb3 Bd7 12. Bh6 b5 13. h4 Qb6 14. h5 Nc4 15. Bxc4
bxc4 16. hxg6 fxg6 17. Bxg7 Kxg7 18. Nd5 Nxd5 19. Qh6+ Kf7 20. Qxh7+ Ke8 21.
Qxg6+ Kd8 22. exd5 Rb8 23. b3 cxb3 24. axb3 Qc5 25. Qe4 Rb4 26. Rhe1 Re8 27. g4
a5 28. Re3 a4 29. bxa4 Rxa4 30. Ne6+ Bxe6 31. Qxe6 Ra1+ 32. Kd2 Qd4+ 33. Rd3
Qb4+ 34. Ke2 Ra2 35. R1d2 Qc4 36. Qe3 Rxc2 37. Rxc2 Qxc2+ 38. Rd2 Qc4+ 39. Kf2
Rf8 40. Rb2 Qf4 41. Rb8+ Kc7 42. Qb6+ Kd7 43. Qc6# {Black checkmated} 1-0

[Event "Team 45 45 League T44"]
[Site "Internet Chess Club"]
[Date "2010.02.07"]
[Round "1"]
[White "Lionskins"]
[Black "Theodulf"]
[Result "0-1"]
[WhiteElo "1676"]
[BlackElo "1624"]
[Opening "Réti opening"]
[ECO "A06"]
[Time "19:32:56"]
[TimeControl "2700+45"]

1. Nf3 d5 2. e3 Nf6 3. c4 dxc4 4. Bxc4 a6 5. Ne5 e6 6. Qf3 Nbd7 7. Nxd7 Qxd7 8.
a3 Rb8 9. Nc3 b5 10. Bf1 Bb7 11. Qd1 c5 12. f3 Be7 13. Be2 O-O 14. Qc2 Rfd8 15.
O-O e5 16. d3 Nd5 17. Ne4 Rbc8 18. b3 f5 19. Nc3 Nf6 20. Bb2 b4 21. Na4 Qd6 22.
Rfd1 Nd5 23. Qd2 f4 24. e4 Ne3 25. Rdc1 Qg6 26. Bf1 Qg5 27. Nb6 Rc6 28. Nc4 Nxf1
29. Rxf1 Re6 30. Rad1 Qh5 31. Qc2 Rh6 32. h3 Bf6 33. Nb6 Rg6 34. Qc4+ Kh8 35.
Rd2 Qxh3 36. Nd5 Bxd5 37. exd5 Qd7 38. Qxc5 bxa3 39. Bxa3 Qb7 40. b4 Be7 41. Qc6
Rxc6 42. dxc6 Qxc6 43. Rff2 Kg8 44. Rc2 Qb5 45. Bb2 Bxb4 46. Rfe2 Bc5+ 47. Kh2
Bd4 48. Bxd4 exd4 49. Red2 Re8 50. Rd1 Qh5+ 51. Kg1 Qh4 52. Kf1 Qh1+ 53. Kf2
Qxd1 {White resigns} 0-1

[Event "Team 45 45 League T44"]
[Site "Internet Chess Club"]
[Date "2010.02.07"]
[Round "1"]
[White "justice02"]
[Black "tsia68"]
[Result "0-1"]
[WhiteElo "1750"]
[BlackElo "1868"]
[Opening "King's Indian, 3.Nf3"]
[ECO "E90"]
[Time "13:03:53"]
[TimeControl "2700+45"]

1. c4 Nf6 2. Nf3 g6 3. d4 Bg7 4. Nc3 O-O 5. e4 d6 6. Bd3 e5 7. d5 Nh5 8. Bg5 f6
9. Be3 Nf4 10. Bf1 b6 11. Qd2 g5 12. g3 Bg4 13. Qd1 Nh3 14. Bg2 h6 15. Qb3 f5
16. Ng1 Nxg1 17. Rxg1 f4 18. gxf4 exf4 19. Bd2 Na6 20. f3 Nc5 21. Qc2 Bd4 22.
Rf1 Bd7 23. O-O-O a6 24. b4 Nb7 25. Ne2 Be5 26. Be1 Qf6 27. Bc3 a5 28. b5 Nc5
29. Nd4 Rae8 30. Rf2 Rf7 31. Rfd2 Ree7 32. Kb1 Kf8 33. Rc1 Ke8 34. Nc6 Bxc3 35.
Qxc3 Qxc3 36. Rxc3 Bxc6 37. dxc6 h5 38. Rd5 Re5 39. Rd1 g4 40. Re1 Rfe7 41. Kc1
Kf7 42. h3 gxf3 43. Bxf3 h4 44. Rg1 Nxe4 45. Bxe4 Rxe4 46. Rg4 Kf6 47. Rxh4 Kf5
48. Rh8 Re1+ 49. Kb2 Rh1 50. Rc2 f3 51. Rf8+ Ke4 52. Rc1 Rxc1 53. Kxc1 Ke3 54.
Kd1 f2 55. h4 Rg7 56. h5 Rg1+ 57. Kc2 f1=Q {White resigns} 0-1

[Event "Team 45 45 League T44"]
[Site "Internet Chess Club"]
[Date "2010.02.03"]
[Round "1"]
[White "PJ"]
[Black "byebyebadman"]
[Result "0-1"]
[WhiteElo "1803"]
[BlackElo "1812"]
[Opening "Sicilian: closed, 6.Be3"]
[ECO "B26"]
[Time "14:02:37"]
[TimeControl "2700+45"]

1. e4 c5 2. Nc3 Nc6 3. g3 g6 4. Bg2 Bg7 5. d3 d6 6. Be3 Nf6 7. h3 e5 8. Qd2 Nd4
9. Nce2 O-O 10. c3 Ne6 11. Bh6 d5 12. Bxg7 Kxg7 13. O-O-O dxe4 14. dxe4 Qxd2+
15. Rxd2 b6 16. f3 Bb7 17. h4 Rfd8 18. Rxd8 Rxd8 19. Nh3 Ba6 20. Re1 Nh5 21.
Nhg1 f5 22. Rd1 Rxd1+ 23. Kxd1 fxe4 24. fxe4 Nf6 25. Nh3 Bd3 26. Nf2 c4 27. Nc1
Bb1 28. Kd2 Nc5 29. Ke3 Kf7 30. b4 Nb7 31. a3 Nd6 32. Ne2 Bc2 33. Nc1 h5 34. Ne2
Nb5 35. Kd2 Ba4 36. Ng1 Nxa3 37. Bf1 Nb1+ 38. Kc1 Nxc3 39. Bxc4+ Ke7 40. Nf3
Ncxe4 41. Nxe4 Nxe4 42. Nxe5 Kf6 43. Nf3 Nxg3 44. Kd2 Bc6 45. Nd4 Bd7 46. Bd3
Nf5 47. Nf3 Ne7 48. Ng5 Nd5 49. Ne4+ Kg7 50. b5 Bf5 51. Nd6 Bxd3 52. Kxd3 Nf4+
53. Ke4 Ng2 54. Nc8 Nxh4 55. Nxa7 Nf5 56. Nc8 Kf6 57. Nxb6 Nd6+ 58. Kf4 Nxb5 59.
Nd5+ Kg7 60. Kg5 Nd6 61. Kf4 Kh6 62. Ne3 g5+ 63. Kf3 Kg6 64. Ng2 Nf5 65. Ne1 g4+
66. Kf4 Nh4 67. Nd3 Kf6 68. Nc5 Ng6+ 69. Kg3 Kf5 70. Nd3 h4+ 71. Kh2 Nf4 72. Nf2
g3+ {White resigns} 0-1

[Event "Team 45 45 League T44"]
[Site "Internet Chess Club"]
[Date "2010.02.03"]
[Round "1"]
[White "Yedixon"]
[Black "VietLion"]
[Result "1-0"]
[WhiteElo "1758"]
[BlackElo "1888"]
[Opening "Bird's opening"]
[ECO "A02"]
[Time "16:00:09"]
[TimeControl "2700+45"]

1. f4 c5 2. Nf3 Nc6 3. e4 g6 4. Bb5 Qc7 5. d3 Bh6 6. g3 Nf6 7. O-O d6 8. e5 Nd7
9. exd6 Qxd6 10. Nc3 a6 11. Ne4 Qc7 12. Bxc6 Qxc6 13. Qe1 O-O 14. Neg5 b5 15.
Qxe7 Bb7 16. Ne4 f5 17. Nd6 Bg7 18. Qe6+ Kh8 19. Nf7+ Rxf7 20. Qxf7 Bd4+ 21. Kg2
Rf8 22. Qe7 Bf6 23. Qe2 g5 24. fxg5 Bg7 25. Bf4 Bxb2 26. Rab1 Bg7 27. h4 Nb6 28.
Be5 Qd7 29. Bxg7+ Qxg7 30. Kh2 Qf7 31. Qe5+ Kg8 32. Qxc5 Qxa2 33. Ra1 Qe6 34.
Rfe1 Rc8 35. Rxe6 Rxc5 36. Nd4 Nd5 37. Rae1 Kf7 38. c4 Bc8 39. R6e5 bxc4 40.
dxc4 Rxc4 41. Rxd5 a5 42. Nxf5 Rc2+ 43. Kg1 Bxf5 44. Rxf5+ Kg6 45. Rf6+ Kh5 46.
Re4 {Black resigns} 1-0

[Event "Team 45 45 League T44"]
[Site "Internet Chess Club"]
[Date "2010.02.06"]
[Round "1"]
[White "Kurukshetra"]
[Black "randallsr"]
[Result "0-1"]
[WhiteElo "1674"]
[BlackElo "1772"]
[Opening "French: King's Indian attack"]
[ECO "C00"]
[Time "07:51:07"]
[TimeControl "2700+45"]

1. e4 e6 2. d3 d5 3. Nd2 dxe4 4. Nxe4 Nf6 5. Nxf6+ Qxf6 6. Nf3 Bd6 7. g3 b6 8.
Bg2 Bb7 9. O-O Nd7 10. c3 h6 11. d4 Bxf3 12. Bxf3 Rd8 13. Qe2 a5 14. a4 O-O 15.
Bc6 e5 16. Be3 Rfe8 17. Qg4 Re7 18. f4 exd4 19. Bxd4 Bc5 20. Bxc5 Nxc5 21. Bb5
Qe6 22. Qxe6 Rxe6 23. Rad1 Red6 24. Rxd6 Rxd6 25. Rf2 c6 26. Bc4 Nxa4 27. Re2
Kf8 28. Kf2 b5 29. Bb3 Nc5 30. Bc2 Nd3+ 31. Bxd3 Rxd3 32. Ke1 a4 33. Rc2 Ke7 34.
Ke2 Rd6 35. Ke3 f5 36. h3 h5 37. h4 g6 38. b4 Kd7 39. c4 bxc4 40. Rxc4 Rd5 41.
Rc2 Rb5 42. Rc4 Kc7 43. Kd3 Kb6 44. Ke3 Rd5 45. Rc2 Kb5 46. Rc3 c5 47. bxc5 Rxc5
48. Ra3 Kb4 49. Ra1 Rc3+ 50. Kf2 a3 51. Rb1+ Ka5 52. Rb8 Rc6 {White resigns} 0-1

[Event "Team 45 45 League T44"]
[Site "Internet Chess Club"]
[Date "2010.02.08"]
[Round "1"]
[White "QueensCounselor"]
[Black "Jugurtha"]
[Result "1/2-1/2"]
[WhiteElo "2098"]
[BlackElo "1929"]
[Opening "Nimzo-Indian: classical variation"]
[ECO "E32"]
[Time "13:00:15"]
[TimeControl "2700+45"]

1. d4 Nf6 2. c4 e6 3. Nc3 Bb4 4. Qc2 O-O 5. a3 Bxc3+ 6. Qxc3 b6 7. Bg5 Bb7 8. f3
d5 9. e3 a5 10. cxd5 exd5 11. Bxf6 Qxf6 12. Qxc7 Ba6 13. Bxa6 Nxa6 14. Qc2 Qh4+
15. Qf2 Qh6 16. Rc1 Rfc8 17. Ne2 Rxc1+ 18. Nxc1 Re8 19. Kd2 Nb8 20. Ne2 Nc6 21.
h3 b5 22. Rc1 Qd6 23. Qg3 Qe6 24. Qf4 a4 25. e4 dxe4 26. fxe4 Na5 27. d5 Qg6 28.
Rc7 Nc4+ 29. Kc1 f5 {Game drawn by mutual agreement} 1/2-1/2

[Event "Team 45 45 League T44"]
[Site "Internet Chess Club"]
[Date "2010.02.07"]
[Round "1"]
[White "Jinder"]
[Black "upsan"]
[Result "0-1"]
[WhiteElo "1760"]
[BlackElo "1824"]
[Opening "Queen's pawn"]
[ECO "A40"]
[Time "11:01:15"]
[TimeControl "2700+45"]

1. d4 e6 2. Nf3 f5 3. g3 Nf6 4. Bg2 d5 5. O-O c6 6. Bf4 Bd6 7. Bxd6 Qxd6 8. Nbd2
O-O 9. c3 Nbd7 10. e3 Ne4 11. Ne1 e5 12. Nd3 exd4 13. exd4 b6 14. Nf3 Ba6 15.
Re1 Bxd3 16. Qxd3 Rae8 17. Rac1 b5 18. a4 a6 19. axb5 axb5 20. Ra1 f4 21. Nd2
fxg3 22. fxg3 Nf2 23. Qc2 Ng4 24. Nf1 Qh6 25. Rxe8 Rxe8 26. Qf5 Ndf6 27. h3 Ne3
28. Nxe3 Qxe3+ 29. Qf2 Qxf2+ 30. Kxf2 Ne4+ 31. Bxe4 Rxe4 32. Re1 Rxe1 33. Kxe1
Kf7 34. Kd2 Ke6 35. Kc2 Kf5 36. Kb3 g5 37. Kb4 g4 38. h4 Ke4 39. Kc5 Kf3 40.
Kxc6 Kxg3 41. Kxd5 Kxh4 42. Ke4 g3 {White resigns} 0-1

[Event "Team 45 45 League T44"]
[Site "Internet Chess Club"]
[Date "2010.02.08"]
[Round "1"]
[White "qs16"]
[Black "rotiv"]
[Result "1-0"]
[WhiteElo "1826"]
[BlackElo "1521"]
[Opening "Queen's pawn"]
[ECO "A40"]
[Time "14:00:29"]
[TimeControl "2700+45"]

1. d4 e6 2. Nd2 Ne7 3. e3 f5 4. Bd3 d5 5. f4 Ng6 6. Ngf3 Be7 7. O-O O-O 8. Ne5
Qe8 9. Ndf3 Nd7 10. b3 Nh4 11. Bd2 Nxe5 12. Nxe5 Rf6 13. c4 c6 14. cxd5 exd5 15.
Qe1 Rh6 16. Rf2 Be6 17. Bb4 Bf6 18. Be2 Bf7 19. g3 Ng6 20. Bd3 Be6 21. Rc1 Ne7
22. Qd2 Kh8 23. Qc2 Rh5 24. Rg2 Qg8 25. Bd6 g5 26. Bxe7 Bxe7 27. Bxf5 Bxf5 28.
Qxf5 Rf8 29. Qd7 Ba3 30. Rf1 Qg7 31. Qg4 Qh6 32. Rgf2 Bd6 33. fxg5 Rxg5 34.
Rxf8+ Kg7 35. R1f7# {Black checkmated} 1-0

[Event "Team 45 45 League T44"]
[Site "Internet Chess Club"]
[Date "2010.02.09"]
[Round "1"]
[White "rockykasparov"]
[Black "oldsj"]
[Result "1-0"]
[WhiteElo "1374"]
[BlackElo "1540"]
[Opening "Sicilian: Najdorf, 6...e6"]
[ECO "B95"]
[Time "12:00:30"]
[TimeControl "2700+45"]

1. e4 c5 2. Nf3 d6 3. d4 cxd4 4. Nxd4 Nf6 5. Nc3 a6 6. Bg5 e6 7. Qf3 Be7 8.
O-O-O Qc7 9. h4 b5 10. h5 h6 11. Bh4 Bb7 12. Bd3 Nbd7 13. g4 b4 14. Nb1 Ne5 15.
Qe2 Nexg4 16. Bxf6 Nxf6 17. Rdg1 Nd7 18. Qe3 Bf6 19. Nd2 Ne5 20. Be2 Rc8 21. Kb1
Ke7 22. f4 Nd7 23. Bd3 Bxd4 24. Qxd4 a5 25. Qxg7 Nc5 26. Rg6 Nxd3 27. Qf6+ Kd7
28. Qxf7+ Kc6 29. Qxc7+ Rxc7 30. cxd3 Rhc8 31. Rxe6 Kd7 32. Rxh6 Rc2 33. Rd1 Ba6
34. Nc4 Rg2 35. Nb6+ Kc7 36. Nxc8 a4 37. Rc1+ {Black resigns} 1-0

[Event "Team 45 45 League T44"]
[Site "Internet Chess Club"]
[Date "2010.02.08"]
[Round "1"]
[White "hiro"]
[Black "Majamutu"]
[Result "1-0"]
[WhiteElo "2147"]
[BlackElo "1975"]
[Opening "Sicilian: Smith-Morra gambit"]
[ECO "B21"]
[Time "03:30:49"]
[TimeControl "2700+45"]

1. e4 c5 2. d4 cxd4 3. c3 Nf6 4. e5 Nd5 5. Nf3 Nc6 6. Bc4 Nb6 7. Bb3 d5 8. exd6
Qxd6 9. Nxd4 Nxd4 10. cxd4 Bf5 11. O-O e6 12. Nc3 Be7 13. Qe2 O-O 14. Be3 a6 15.
Rac1 Rac8 16. Rfd1 Nd5 17. Nxd5 exd5 18. Qd2 Rxc1 19. Rxc1 Rc8 20. Rxc8+ Bxc8
21. Bc2 Bf6 22. Bxh7+ Kxh7 23. Qc2+ g6 24. Qxc8 Qb4 25. Qc3 Qa4 26. Qb3 Qxb3 27.
axb3 Kg8 28. Kf1 Kf8 29. Ke2 Ke7 30. Kd3 Kd7 31. f3 Ke6 32. g3 Be7 33. h4 f5 34.
Bd2 Bd6 35. g4 Bg3 36. h5 gxh5 37. gxh5 f4 38. h6 Kf7 39. Kc3 Kg6 40. Kb4 b6 41.
Ka4 Kxh6 42. b4 Bf2 43. Bxf4+ Kg6 44. Be5 Kf5 45. b5 a5 46. b4 axb4 47. Kxb4 Be3
48. Kc3 Bf4 49. Kd3 Bxe5 50. dxe5 Kxe5 51. f4+ Ke6 52. Kd4 {Black forfeits on
time} 1-0

[Event "Team 45 45 League T44"]
[Site "Internet Chess Club"]
[Date "2010.02.07"]
[Round "1"]
[White "CaoCao"]
[Black "monsterpawn"]
[Result "0-1"]
[WhiteElo "1940"]
[BlackElo "1890"]
[Opening "Sicilian: Najdorf, Byrne (English) attack"]
[ECO "B90"]
[Time "10:45:48"]
[TimeControl "2700+45"]

1. e4 c5 2. Nf3 d6 3. d4 cxd4 4. Nxd4 Nf6 5. Nc3 a6 6. Be3 e5 7. Nb3 Be6 8. f3
Be7 9. Qd2 Nbd7 10. O-O-O O-O 11. g4 b5 12. g5 b4 13. Ne2 Nh5 14. Ng3 Nf4 15. h4
a5 16. Kb1 a4 17. Nd4 exd4 18. Bxf4 b3 19. cxb3 axb3 20. a3 d5 21. Qxd4 Bc5 22.
Qc3 d4 23. Rxd4 Bxd4 24. Qxd4 Qb6 25. Qxb6 Nxb6 26. Bd6 Rfd8 27. e5 Nc8 28. Ne4
Bf5 29. Bd3 Nxd6 30. exd6 Rac8 31. Rd1 Rc6 32. Nf6+ gxf6 33. Bxf5 Rcxd6 34. Rxd6
Rxd6 35. Kc1 fxg5 36. hxg5 Rd5 37. Be4 Rxg5 38. Kd2 h5 39. f4 Rg1 40. Kc3 h4 41.
a4 h3 42. a5 h2 43. a6 h1=Q 44. Bxh1 Rxh1 45. Kb4 Ra1 46. Kb5 Ra2 {White
resigns} 0-1

[Event "Team 45 45 League T44"]
[Site "Internet Chess Club"]
[Date "2010.02.06"]
[Round "1"]
[White "Marichan"]
[Black "primerpaso"]
[Result "0-1"]
[WhiteElo "1957"]
[BlackElo "1903"]
[Opening "Sicilian: Najdorf, 7...Be7 main line"]
[ECO "B99"]
[Time "17:00:07"]
[TimeControl "2700+45"]

1. e4 c5 2. Nf3 d6 3. d4 cxd4 4. Nxd4 Nf6 5. Nc3 a6 6. Bg5 e6 7. f4 Be7 8. Qf3
Qc7 9. O-O-O Nbd7 10. g4 Nc5 11. e5 dxe5 12. fxe5 Nd5 13. Bxe7 Qxe7 14. Nxd5
exd5 15. Qxd5 Bxg4 16. Nc6 Qd7 17. Bg2 Bxd1 18. Qxc5 Bg4 19. h3 Be6 20. Rd1 Qc7
21. Qa5 Qxa5 22. Nxa5 Rd8 23. Rxd8+ Kxd8 24. Nxb7+ Kc7 25. Nd6 f6 26. Ne4 fxe5
27. Kd2 Bd5 28. Ke3 Bxe4 29. Kxe4 Kd6 30. b3 Rf8 31. Bf3 Rf4+ 32. Ke3 a5 33. c3
Kc5 34. a3 a4 35. b4+ Kc4 36. Be2+ Kxc3 37. b5 Kb2 38. b6 Kxa3 {White resigns}
0-1

[Event "Team 45 45 League T44"]
[Site "Internet Chess Club"]
[Date "2010.02.04"]
[Round "1"]
[White "viddi"]
[Black "theophilus"]
[Result "1/2-1/2"]
[WhiteElo "2074"]
[BlackElo "2086"]
[Opening "English opening"]
[ECO "A21"]
[Time "14:04:18"]
[TimeControl "2700+45"]

1. c4 e5 2. Nc3 g6 3. Nf3 Bg7 4. g3 d6 5. d4 exd4 6. Nxd4 Nd7 7. Bg2 Ngf6 8. O-O
O-O 9. b3 a5 10. Ba3 Re8 11. Qc2 a4 12. Nxa4 Nc5 13. Rad1 Nxa4 14. bxa4 Ra6 15.
c5 d5 16. Qb3 c6 17. Bb4 Qc7 18. e3 Ne4 19. a5 Ra8 20. a4 Qe7 21. Rfe1 Ng5 22.
h4 Ne4 23. Qd3 Bd7 24. Qf1 Ra6 25. Bf3 Qe5 26. Qg2 Bf8 27. Rc1 Raa8 28. Red1 Bg7
29. Rd3 Qe7 30. Rcd1 h6 31. Rb3 Reb8 32. Nb5 Bf5 33. g4 Bc8 34. Bxe4 dxe4 35.
Nd6 Be6 36. Rbb1 Bd5 37. g5 h5 38. Be1 Be5 39. Rb6 Bxd6 40. cxd6 Qd7 41. Qg3 Rd8
42. Rdb1 c5 43. Bc3 Qe6 44. Kh2 Bc6 45. a6 Rxa6 46. Rxa6 bxa6 47. Ba5 Rc8 48.
Rb6 Bxa4 49. Rxa6 Bd7 50. Bc3 Rb8 51. Ra1 Re8 52. Ra5 Rc8 53. Ra7 Rb8 54. Rxd7
Qxd7 55. Qe5 f6 56. Qxf6 Kh7 57. Kg3 Qg4+ 58. Kh2 Qxh4+ 59. Kg2 Qg4+ 60. Kh2 Qd7
61. Qe5 Rd8 62. Kg2 c4 63. Qxe4 Qxd6 64. Qxc4 Qd5+ 65. Qxd5 Rxd5 66. Bf6 Kg8 67.
e4 Rd3 68. f4 Kf7 69. f5 gxf5 70. exf5 Rd5 71. Kh3 Rxf5 72. Kh4 Kg6 73. Bd8 Rf4+
74. Kh3 Rg4 75. Be7 Kf5 76. Bd8 Kf4 77. Be7 Kf3 78. Bf6 Rg1 79. Kh2 Rg4 80. Kh3
{Game drawn by mutual agreement} 1/2-1/2

[Event "Team 45 45 League T44"]
[Site "Internet Chess Club"]
[Date "2010.02.07"]
[Round "1"]
[White "koni"]
[Black "la8pv"]
[Result "1-0"]
[WhiteElo "2013"]
[BlackElo "1666"]
[Opening "QGD semi-Slav"]
[ECO "D43"]
[Time "10:00:13"]
[TimeControl "2700+45"]

1. Nf3 d5 2. d4 Nf6 3. c4 c6 4. Nc3 e6 5. Bg5 Be7 6. e3 O-O 7. Qc2 Na6 8. a3 b6
9. Bd3 dxc4 10. Bxc4 Nd5 11. Bxe7 Qxe7 12. Ne5 Qh4 13. O-O Bb7 14. Nxc6 Rfc8 15.
Ne5 Nxc3 16. bxc3 Qg5 17. f4 Qe7 18. Bd3 f5 19. Qb3 Nc7 20. Bxf5 Bd5 21. c4 exf5
22. cxd5 Kf8 23. d6 Qe6 24. Qxe6 Nxe6 25. Rfc1 Rxc1+ 26. Rxc1 Rd8 27. d7 Ke7 28.
Nc6+ Kxd7 29. Nxd8 Kxd8 30. Kf2 Kd7 31. Kf3 Kd6 32. Rc8 g5 33. g3 g4+ 34. Ke2
Kd5 35. Kd3 a5 36. Rh8 b5 37. Rxh7 b4 38. axb4 axb4 39. Rb7 Nd8 40. Rd7+ {Black
resigns} 1-0

[Event "Team 45 45 League T44"]
[Site "Internet Chess Club"]
[Date "2010.02.07"]
[Round "1"]
[White "EBK"]
[Black "poni"]
[Result "1-0"]
[WhiteElo "1685"]
[BlackElo "1916"]
[Opening "Polish (Sokolsky) opening"]
[ECO "A00"]
[Time "12:00:13"]
[TimeControl "2700+45"]

1. b4 d6 2. Bb2 e5 3. c4 f5 4. e3 Nf6 5. Nf3 Be7 6. Be2 O-O 7. O-O Na6 8. Qb3
Kh8 9. Nc3 c6 10. c5 e4 11. Ng5 d5 12. Bxa6 bxa6 13. Ne2 Ng4 14. Nh3 Qc7 15.
Nhf4 Bf6 16. h3 Bxb2 17. Qxb2 Ne5 18. Nd4 Rf6 19. Kh2 g5 20. g3 gxf4 21. gxf4
Nd3 22. Qc3 Kg7 23. Rg1+ Kf7 24. Rg2 Bd7 25. Rag1 Rg6 26. Rg5 Rxg5 27. Rxg5 Rg8
28. Nxf5 Rxg5 29. Nd6+ Kg6 30. fxg5 Qd8 31. f4 Qe7 32. Qh8 Ne1 33. Qg8+ Kh5 34.
Nf7 Bf5 35. Qg7 Qe6 36. Nd8 Qg6 37. Qxg6+ Kxg6 38. Nxc6 Kf7 39. Ne5+ Ke7 40. h4
Nc2 41. h5 Nxb4 42. g6 hxg6 43. h6 Kf8 44. a3 Nd3 45. Nxd3 exd3 46. Kg3 Kg8 47.
Kh4 Kh7 48. Kg5 a5 49. c6 a4 50. Kf6 Kxh6 51. Ke5 Kh5 52. Kxd5 Kg4 53. e4 Bc8
54. Ke5 Kf3 55. f5 gxf5 56. exf5 Ke2 57. f6 Kxd2 58. f7 Ke1 59. f8=Q d2 60. Qb4
Ke2 61. Qe4+ Kf1 62. Qd3+ Ke1 63. Qe3+ Kd1 64. Kd4 Kc2 65. Qc3+ Kd1 66. Ke3
{Black resigns} 1-0

[Event "Team 45 45 League T44"]
[Site "Internet Chess Club"]
[Date "2010.02.05"]
[Round "1"]
[White "SneakyRed"]
[Black "saata"]
[Result "1-0"]
[WhiteElo "1852"]
[BlackElo "1401"]
[Opening "Caro-Kann: Panov-Botvinnik attack"]
[ECO "B13"]
[Time "10:03:19"]
[TimeControl "2700+45"]

1. e4 c6 2. d4 d5 3. exd5 cxd5 4. c4 Nf6 5. Nc3 Nc6 6. Bg5 g6 7. Nf3 dxc4 8.
Bxf6 exf6 9. Bxc4 Bg4 10. Qb3 Qd7 11. O-O Bxf3 12. Rfe1+ Kd8 13. gxf3 Nxd4 14.
Qd1 Bc5 15. Ne4 Be7 16. Qd3 f5 17. Ng3 Ne6 18. Qc3 Re8 19. Red1 Bd6 20. Qd3 Ke7
21. Bb5 Qc7 22. Rac1 Nc5 23. Qe3+ Kf8 24. Bxe8 Rxe8 25. Qh6+ Kg8 26. b4 Bf4 27.
Qh4 Bxc1 28. Rxc1 b6 29. bxc5 bxc5 30. Qg5 Qa5 31. Nxf5 Re1+ 32. Rxe1 Qxe1+ 33.
Kg2 Qd1 34. Ne3 Qc1 35. Qf6 c4 36. Qd8+ Kg7 37. Qd4+ Kh6 38. Qxc4 Qxc4 39. Nxc4
{Black resigns} 1-0

[Event "Team 45 45 League T44"]
[Site "Internet Chess Club"]
[Date "2010.02.04"]
[Round "1"]
[White "Aguiar94"]
[Black "Vaigpertu"]
[Result "0-1"]
[WhiteElo "2274"]
[BlackElo "2257"]
[Opening "King's Indian: fianchetto variation"]
[ECO "E62"]
[Time "16:32:06"]
[TimeControl "2700+45"]

1. d4 Nf6 2. c4 g6 3. Nc3 Bg7 4. Nf3 d6 5. g3 O-O 6. Bg2 c6 7. O-O Qb6 8. a3 Qa6
9. Qd3 d5 10. Ne5 Bf5 11. Qd1 dxc4 12. e4 Be6 13. Qe2 Rd8 14. Rd1 Nbd7 15. Nf3
Nb6 16. Bf4 Bg4 17. h3 Bxf3 18. Bxf3 Nfd7 19. a4 e5 20. Bg5 f6 21. Be3 exd4 22.
Bxd4 Ne5 23. Bxe5 fxe5 24. a5 Nd7 25. Bg4 Nc5 26. Qe3 Nb3 27. Qg5 Rd4 28. Ra3
Rf8 29. h4 b5 30. axb6 Qxb6 31. Rf1 Rd2 32. Nd1 Qd4 33. Qe7 a5 34. Ra4 Kh8 35.
Qg5 Rd3 36. Be2 Nd2 37. Ne3 h6 38. Qg4 Rxe3 {White resigns} 0-1

[Event "Team 45 45 League T44"]
[Site "Internet Chess Club"]
[Date "2010.02.04"]
[Round "1"]
[White "trucazzo"]
[Black "SlimeDog2"]
[Result "1-0"]
[WhiteElo "2157"]
[BlackElo "2146"]
[Opening "Grünfeld: exchange, Spassky variation"]
[ECO "D87"]
[Time "17:10:34"]
[TimeControl "2700+45"]

1. d4 Nf6 2. c4 g6 3. Nc3 d5 4. cxd5 Nxd5 5. e4 Nxc3 6. bxc3 Bg7 7. Bc4 c5 8.
Ne2 O-O 9. Be3 Nc6 10. Rc1 cxd4 11. cxd4 Qa5+ 12. Kf1 Qa3 13. Rc3 Qb4 14. a3 Qa5
15. Qb3 Qd8 16. Bd5 Na5 17. Qb1 e6 18. Ba2 b6 19. Qd3 Bb7 20. h4 Rc8 21. h5 Rxc3
22. Nxc3 Qc8 23. Kg1 Ba6 24. Qd2 Rd8 25. hxg6 hxg6 26. Bh6 Bxd4 27. Nd5 Qc5 28.
Qxd4 Qxd4 29. Ne7+ Kh7 30. Bf8# {Black checkmated} 1-0

[Event "Team 45 45 League T44"]
[Site "Internet Chess Club"]
[Date "2010.02.07"]
[Round "1"]
[White "Gregorio"]
[Black "angelV"]
[Result "0-1"]
[WhiteElo "2088"]
[BlackElo "2057"]
[Opening "English, 1...Nf6 (Anglo-Indian defense)"]
[ECO "E62"]
[Time "15:01:20"]
[TimeControl "2700+45"]

1. c4 Nf6 2. g3 g6 3. Bg2 Bg7 4. Nc3 d6 5. Nf3 O-O 6. d4 c6 7. O-O a6 8. Re1 b5
9. cxb5 axb5 10. b4 Na6 11. Rb1 Nd5 12. Nxd5 cxd5 13. Nd2 Bf5 14. e4 dxe4 15. g4
Be6 16. Nxe4 Bxa2 17. Ra1 Bc4 18. Bb2 d5 19. Nc5 Nxb4 20. Rxa8 Qxa8 21. Rxe7 Qa2
22. Bc3 Nc6 23. Rc7 b4 24. Ba1 Nxd4 25. Bxd5 Bxd5 26. Rd7 Nf3+ 27. Kh1 Nd2+ 28.
Kg1 Bxa1 {White resigns} 0-1

[Event "Team 45 45 League T44"]
[Site "Internet Chess Club"]
[Date "2010.02.07"]
[Round "1"]
[White "Uwak"]
[Black "Warren"]
[Result "1-0"]
[WhiteElo "2394"]
[BlackElo "2293"]
[Opening "Sicilian: Pelikan (Lasker/Sveshnikov) variation"]
[ECO "B33"]
[Time "11:00:50"]
[TimeControl "2700+45"]

1. e4 c5 2. Nf3 Nc6 3. d4 cxd4 4. Nxd4 Nf6 5. Nc3 e5 6. Ndb5 d6 7. Nd5 Nxd5 8.
exd5 Nb8 9. c4 Be7 10. Bd3 O-O 11. O-O a6 12. Nc3 f5 13. f3 Nd7 14. Be3 Kh8 15.
Qd2 g5 16. Bf2 e4 17. fxe4 f4 18. b4 Ne5 19. Bd4 Bf6 20. Be2 Ng6 21. c5 Be5 22.
Bxe5+ Nxe5 23. h4 Qf6 24. Rf2 h6 25. Raf1 Bg4 26. Na4 Rae8 27. Nb6 Bxe2 28. Qxe2
Qg6 29. a3 Rf7 30. cxd6 Qxd6 31. Nc4 Nxc4 32. Qxc4 Qe5 33. Re1 g4 34. d6 Rd7 35.
Qc5 Rxd6 36. Qxe5+ Rxe5 37. Rxf4 Rd3 38. Rxg4 Rxa3 39. Rd1 Re7 40. Rd6 Kh7 41.
Rgg6 Rxe4 42. Rxh6+ Kg7 43. Rdg6+ Kf7 44. Rb6 Kg7 45. Rhg6+ Kh7 46. h5 Ra1+ 47.
Kf2 Rf4+ 48. Ke3 Rf7 49. Rh6+ Kg7 50. Rbg6+ Kf8 51. Rh8+ Ke7 52. Rb8 b5 53. g4
Ra3+ 54. Ke4 Ra4 55. Ke5 Rf1 56. Rg7+ {Black resigns} 1-0